 Dungeon Crawl Stone Soup version 0.18-a0-1164-g7046a04 (webtiles) character file.

108721 M4edhros the Unseen (level 16, -27/113 HPs)
             Began as an Octopode Artificer on Jan 25, 2016.
             Was a Believer of Fedhas.
             Killed by the progress of Pakellas (49 damage)
             ... on level 2 of the Swamp.
             The game lasted 01:50:33 (32765 turns).

M4edhros the Unseen (Octopode Artificer)           Turns: 32765, Time: 01:50:33

Health: -27/113    AC:  5    Str: 14 (15) XL:     16   Next: 50%
Magic:  12/28      EV: 17    Int: 15 (20) God:    Fedhas [**....]
Gold:   788        SH: 10    Dex: 13      Spells: 4 memorised, 13 levels left

rFire  + + +     SeeInvis +     j - +2 rod of clouds (8/12)
rCold  + . .     Gourm    .     x - +0 shield
rNeg   + . .     Faith    .     y - +0 hat {MR+}
rPois  +         Spirit   .     (no amulet)
rElec  .         Dismiss  .     r - ring of stealth
rCorr  .         Reflect  .     J - ring of positive energy
SustAt .         Harm     .     p - ring of protection from fire
MR     ++...     Clarity  +     V - ring of see invisible
Stlth  +++++++++.               A - ring of protection from cold
                                g - ring of wizardry
                                i - ring of protection from fire
                                F - ring of poison resistance

@: drained, very resistant to hostile enchantments, incredibly stealthy
A: almost no armour, amphibious, 8 rings, constrict 8, iridescent scales 1,
camouflage 1, clarity, deterioration 1, fire resistance 2, robust 1, strong 2,
wild magic 1, gelatinous body 1, no device heal 1
a: Evolution, Sunlight, Renounce Religion


You were on level 2 of the Swamp.
You worshipped Fedhas.
Fedhas was pleased with you.
You were not hungry.

You visited 5 branches of the dungeon, and saw 27 of its levels.
You also visited: Sewer and Bailey.

You collected 2356 gold pieces.
You spent 1568 gold pieces at shops.

Inventory:

Hand Weapons
 a - a +6 hunting sling of venom
 q - a +1 dagger of chaos
 N - a +2 demon whip of freezing
Missiles
 h - 485 stones (quivered)
 X - 62 sling bullets
 Y - 26 sling bullets of flame
Armour
 x - a +0 shield (worn)
 y - a +0 hat of magic resistance (worn)
Rods
 j - a +2 rod of clouds (8/12) (weapon)
   (You acquired it on level 9 of the Dungeon)
 t - a +1 rod of the swarm (6/10)
   (You acquired it on level 11 of the Dungeon)
 B - a +4 rod of the swarm (6/9)
   (You acquired it on level 8 of the Lair of Beasts)
 C - a +9 lightning rod (17/17)
   (You found it on level 8 of the Lair of Beasts)
 Q - a +2 rod of the swarm (5/10)
   (Pakellas gifted it to you on level 7 of the Dungeon)
Jewellery
 g - a ring of wizardry (on tentacle)
 i - a ring of protection from fire (on tentacle)
 p - a ring of protection from fire (on tentacle)
 r - a ring of stealth (left tentacle)
 A - a ring of protection from cold (on tentacle)
 F - a ring of poison resistance (on tentacle)
 J - a ring of positive energy (right tentacle)
 L - an uncursed ring of teleportation
 V - a ring of see invisible (on tentacle)
Wands
 c - a wand of enslavement (14/24)
 d - a wand of heal wounds (5/9)
 l - a wand of lightning (3/15)
 w - a wand of draining (13/15)
 H - a wand of disintegration (4/24)
 P - a wand of confusion (40/48)
 R - a wand of cold (5/15)
 S - a wand of paralysis (11/24)
Scrolls
 o - 10 scrolls of identify
 v - a scroll of summoning {unknown}
 E - 8 scrolls of magic mapping
 I - 3 scrolls of fog
 T - 2 scrolls of recharging
 U - 7 scrolls of teleportation
Potions
 e - 7 potions of curing
 m - 3 potions of magic
 s - 2 potions of agility
 u - 2 potions of might
 z - a potion of brilliance
 M - 4 potions of haste
Miscellaneous
 D - a stone of tremors
 G - a fan of gales
 W - a sack of spiders
Comestibles
 b - 2 beef jerkies
 f - 12 bread rations
 k - a slice of pizza
 n - 18 royal jellies
 Z - 20 fruits


   Skills:
 - Level 7.6(6.8) Fighting
 - Level 1.0(0.3) Short Blades
 - Level 8.1(7.3) Slings
 + Level 13.1(12.2) Dodging
 - Level 16.5(15.5) Stealth
 * Level 8.8(8.0) Shields
 * Level 5.6(4.9) Spellcasting
 * Level 6.5(5.7) Transmutations
 * Level 5.8(5.0) Earth Magic
 + Level 1.3(0.7) Poison Magic
 + Level 0.4(0.0) Invocations
 + Level 16.1(15.2) Evocations


You had 13 spell levels left.
You knew the following spells:

 Your Spells              Type           Power        Failure   Level  Hunger
a - Statue Form           Trmt/Erth      ####.....    100%        6    #######
b - Repel Missiles        Chrm/Air       #.....       47%         2    ##.....
c - Swiftness             Chrm/Air       #.......     47%         2    ##.....
d - Mephitic Cloud        Conj/Pois/Air  #.......     78%         3    ###....


Dungeon Overview and Level Annotations

Branches:
Dungeon (14/15)            Temple (1/1) D:4            Lair (8/8) D:9
  Swamp (2/4) Lair:6        Snake (0/4) Lair:4        Slime (0/6) Lair:6
    Orc (2/2) D:11            Elf (0/3) Orc:2        Vaults (0/5) D:14

Altars:
Ashenzari
Cheibriados
Dithmenos
Elyvilon
Fedhas
Gozag
Kikubaaqudgha
Makhleb
Nemelex Xobeh
Okawaru
Pakellas
Qazlal
Ru
Sif Muna
Trog
Vehumet
Xom
Zin
The Shining One

Shops:
D:11 *   Orc:2 ?!}[

Portals:
Pandemonium: Orc:2


Innate Abilities, Weirdness & Mutations

You cannot wear most types of armour.
You are amphibious.
You can wear up to eight rings at the same time.
You can use your tentacles to constrict eight enemies at once.
Your skin changes colour to match your surroundings (Stealth).
Your rubbery body absorbs attacks (AC +1).
You are partially covered in iridescent scales (AC +4).
You possess an exceptional clarity of mind.
Your body sometimes deteriorates upon taking damage.
Your flesh is very heat resistant.
You are robust (+10% HP).
Your muscles are very strong. (Str +4)
Your spells are a little harder to cast, but a little more powerful.
Potions and wands are less effective at restoring your health.


Message History

You shoot a sling bullet.
Fedhas protects your plant from harm. x2
The sling bullet misses the spriggan rider. x2
You hear a splash.
A nearby toadstool withers and dies.
The spriggan rider hits your wandering mushroom but does no damage.
Your wandering mushroom splashes around in the water.
Unknown command.
Wield which item (- for none, * to show all)? (? for menu, Esc to quit)
Your +6 hunting sling of venom stops dripping with poison.
j - a +2 rod of clouds (8/12) (weapon)
A nearby toadstool withers and dies. x3
Aiming: Cloud Cone
Press: ? - help, Dir - move target cursor, f/p - spriggan rider
Aim: a spriggan rider, wielding a spear (water, heavily wounded, poisoned) Pakellas does not allow the disloyal to dabble in devices!
There is a sudden explosion of magical energy!
The explosion engulfs you!
You die...
Fedhas appreciates your contribution to the ecosystem.

≈≈≈≈≈≈≈≈.....♣ ≈.♣♣
≈≈≈≈≈≈≈≈..≈≈.♣ .(≈≈
≈≈f≈≈≈≈.♣.≈≈≈♣♣♣ .≈§♣ ♣
≈≈≈≈≈≈..≈.≈≈≈♣ ≈♣♣.♣.♣..
.≈≈≈≈≈..≈≈≈≈≈♣♣♣Pfii)≈♣
......♣.≈≈♣...PPPP≈≈≈≈♣≈
♣♣§♣♣.≈≈≈.≈≈PP÷≈(≈≈≈≈≈
♣≈≈.≈≈≈≈≈≈≈≈.PPP≈...≈.
♣.≈♣≈≈≈≈≈≈.P..@...≈≈≈>
♣.≈≈≈≈....≈≈........≈≈
♣.≈...≈≈.≈...#..##..(.
..♣♣♣≈≈.§..#....≈≈f..
♣≈.§.§#.....÷#...
♣♣.≈.(#...(...#
♣.≈.÷#P..#.t.#
♣..PP.P..#....
♣....##......


You could see an alligator, 2 spriggan riders, a neutral thorn hunter
(wandering) and a friendly wandering mushroom.

Vanquished Creatures
  Rupert (D:12)
  Gastronok (Lair:2)
  2 orc warlords
  A dire elephant (Lair:8)
  An ettin (Orc:1)
  4 vault guards (D:14)
  9 hydras
  An anaconda (Lair:8)
  A centaur warrior (D:13)
  Erica (D:8)
  An ogre mage (D:14)
  3 alligators (Swamp:1)
  5 orc high priests (Orc:2)
  A soul eater (Orc:2)
  The ghost of Voda the Covert, a novice OpVM of Yredelemnul (D:10)
  A deep elf knight (D:14)
  An infernal demonspawn (Orc:2)
  A swamp dragon (Swamp:2)
  3 unseen horrors
  A putrid demonspawn (Orc:2)
  7 hill giants
  A wizard (D:14)
  7 orc sorcerers
  4 ugly things
  7 orc knights
  2 griffons
  A hornet (Swamp:2)
  A deep elf mage (D:13)
  3 cyclopes
  2 centaur zombies (D:13)
  16 elephants
  A rust devil (Orc:2)
  6 black mambas
  A smoke demon (Orc:2)
  11 spiny frogs
  A gargoyle (D:12)
  An orange demon (Orc:2)
  A komodo dragon (shapeshifter) (D:13)
  8 komodo dragons
  A yaktaur (D:14)
  An ice devil (Orc:2)
  2 fire drakes
  A queen bee (Lair:8)
  29 blink frogs
  A giant leech (Swamp:1)
  3 polar bears
  7 trolls
  3 two-headed ogres
  2 boulder beetles
  3 slime creatures (D:8)
  A wolf spider simulacrum (D:14)
  A shadow (Swamp:1)
  A basilisk (Lair:7)
  A wyvern (D:13)
  39 yaks
  7 hungry ghosts
  A steam dragon (Lair:7)
  7 vampire mosquitoes
  8 hippogriffs
  16 wolves
  5 swamp worms
  A soldier ant (D:14)
  A warg (Orc:2)
  3 nagas (Lair:4)
  18 water moccasins
  A mottled dragon (D:14)
  3 ice beasts
  12 porcupines
  43 orc warriors
  4 phantoms
  4 swamp drakes
  An eye of draining (D:14)
  9 sky beasts
  3 wasps
  4 black bears
  10 ogres
  9 centaurs
  14 crocodiles
  6 big kobolds
  16 giant frogs
  3 scorpions
  27 killer bees
  A troll skeleton (D:10)
  2 spriggan skeletons (D:10)
  7 wights (D:9)
  5 crimson imps
  A wasp zombie (D:12)
  2 giant frog zombies (D:12)
  A quasit (D:9)
  18 jellies
  4 centaur skeletons
  A giant frog skeleton (D:10)
  6 hounds
  An iron imp (D:14)
  27 orc priests
  12 orc wizards
  A gnoll shaman (D:8)
  13 worker ants
  Jessica (D:2)
  10 iguanas
  16 sheep
  A hound zombie (D:6)
  A hound skeleton (D:9)
  A worker ant zombie (D:9)
  17 gnolls
  43 river rats
  14 adders
  21 oozes
  An adder zombie (D:5)
  2 adder skeletons
  5 worms
  11 giant geckos
  82 orcs
  5 giant cockroaches
  16 goblins
  14 hobgoblins
  7 jackals
  6 quokkas
  4 ball pythons
  5 bats
  5 giant newts
  A jackal skeleton (D:6)
  26 kobolds
  3 quokka skeletons
  5 rats
  A bush (Lair:4)
  A fungus (Lair:4)
  A plant (Lair:8)
881 creatures vanquished.

Vanquished Creatures (collateral kills)
  Louise (Swamp:2)
  4 dire elephants (Lair:8)
  3 hydras
  The ghost of George the Carver, a novice MiFi of Okawaru (Bailey)
  A putrid demonspawn (Orc:2)
  A hill giant (D:12)
  2 orc knights
  An ugly thing (D:12)
  A griffon (Lair:8)
  11 elephants
  A black mamba (Lair:7)
  2 spiny frogs (Lair:8)
  2 komodo dragons
  A red devil (Orc:2)
  2 polar bears
  4 blink frogs
  2 spriggans
  A wraith (D:12)
  2 yaks (Lair:3)
  A hippogriff (D:10)
  2 vampire mosquitoes (Swamp:2)
  A swamp worm (Swamp:2)
  3 water moccasins
  A swamp drake (Swamp:2)
  2 orc warriors
  A wasp (Swamp:2)
  2 crocodiles (Lair:3)
  3 giant frogs
  A scorpion (D:12)
  3 killer bees
  A jelly (Lair:8)
  A centaur skeleton (D:10)
  2 orc priests (Orc:2)
  An orc wizard (Orc:2)
  A gnoll (Bailey)
  An adder (D:8)
  12 river rats
  6 orcs
  4 goblins (Bailey)
  3 hobgoblins (Bailey)
  A fungus (Lair:4)
  A plant (Lair:8)
97 creatures vanquished.

Vanquished Creatures (others)
  Jorgrun (Swamp:2)
  Donald (Swamp:2)
  A swamp dragon (Swamp:2)
  A shambling mangrove (Swamp:2)
  An ugly thing (D:10)
  A giant leech (Swamp:2)
  3 bog bodies (Swamp:1)
  A wandering mushroom (Swamp:1)
  A vampire mosquito (Swamp:2)
  A swamp worm (Swamp:2)
  4 wasps
  A killer bee (D:8)
  A centaur (D:10)
  A giant frog (D:6)
  A hound (D:4)
  2 orc wizards
  29 fungi
  15 plants
  75 toadstools
141 creatures vanquished.

Grand Total: 1119 creatures vanquished

Notes
Turn   | Place    | Note
--------------------------------------------------------------
     0 | D:1      | M4edhros the Octopode Artificer began the quest for the Orb.
     0 | D:1      | Reached XP level 1. HP: 13/13 MP: 3/3
   328 | D:1      | Reached XP level 2. HP: 15/18 MP: 4/4
   728 | D:2      | Noticed Jessica
  1024 | D:2      | Found an oddly glowing altar of Pakellas.
  1035 | D:2      | Became a worshipper of Pakellas the Inventive
  1142 | D:2      | Reached XP level 3. HP: 23/23 MP: 5/5
  1693 | D:2      | Reached XP level 4. HP: 26/28 MP: 6/6
  1757 | D:2      | Killed Jessica
  1757 | D:2      | Reached skill level 4 in Stealth
  1877 | D:3      | Found a bloodstained altar of Trog.
  2337 | D:3      | Reached * piety under Pakellas
  2337 | D:3      | Reached XP level 5. HP: 33/33 MP: 7/7
  2722 | D:3      | Found a shimmering altar of Xom.
  2747 | D:3      | Reached skill level 5 in Stealth
  2768 | D:3      | Reached XP level 6. HP: 34/38 MP: 9/9
  3120 | D:4      | Found a staircase to the Ecumenical Temple.
  3120 | D:4      | Noticed a phantom
  3147 | D:4      | Killed a phantom
  3147 | D:4      | Reached skill level 6 in Stealth
  3177 | D:4      | Found a glowing drain.
  3201 | D:4      | Reached ** piety under Pakellas
  3201 | D:4      | Received a gift from Pakellas
  3216 | Sewer    | Entered a sewer
  3299 | Sewer    | Reached skill level 5 in Dodging
  3299 | Sewer    | Reached XP level 7. HP: 38/43 MP: 10/10
  3352 | Sewer    | Reached skill level 7 in Stealth
  3467 | D:4      | Reached skill level 5 in Evocations
  3615 | D:4      | Reached *** piety under Pakellas
  3805 | D:5      | Entered Level 5 of the Dungeon
  3876 | D:5      | Found a sacrificial altar of Ru.
  3985 | D:5      | Reached XP level 8. HP: 15/48 MP: 5/11
  4292 | D:5      | Reached skill level 8 in Stealth
  4596 | D:5      | Found a stormy altar of Qazlal.
  4637 | D:5      | Found a glowing golden altar of the Shining One.
  4858 | D:6      | Found a radiant altar of Vehumet.
  5024 | D:6      | Found a shimmering altar of Xom.
  5078 | D:6      | Reached skill level 9 in Stealth
  5295 | D:6      | Gained mutation: Your magical capacity is low (-10% MP). [mutagenic meat]
  5296 | D:6      | Gained mutation: You are dopey. (Int -2) [mutagenic meat]
  5297 | D:6      | Gained mutation: You are partially covered in slimy green scales (AC +2). [mutagenic meat]
  5298 | D:6      | Gained mutation: You occasionally shout uncontrollably at your foes. [mutagenic meat]
  5299 | D:6      | Gained mutation: Your muscles are strong. (Str +2) [mutagenic meat]
  5300 | D:6      | Gained mutation: You evolve. [mutagenic meat]
  5413 | D:6      | Gained mutation: You are agile. (Dex +2) [evolution]
  5835 | D:7      | Reached XP level 9. HP: 32/53 MP: 12/12
  5838 | D:7      | Reached **** piety under Pakellas
  5838 | D:7      | Received a gift from Pakellas
  5848 | D:7      | Reached skill level 10 in Stealth
  6342 | D:7      | Found a shadowy altar of Dithmenos.
  6367 | D:7      | Gained mutation: Your natural rate of healing is unusually fast. [potion of mutation]
  6367 | D:7      | Lost mutation: You are dopey. (Int -2) [potion of mutation]
  6367 | D:7      | Gained mutation: You are robust (+10% HP). [potion of mutation]
  6597 | D:7      | Learned a level 6 spell: Statue Form
  6730 | D:7      | Noticed a two-headed ogre
  6730 | D:7      | a basilisk changed into a two-headed ogre
  6735 | D:7      | Killed a two-headed ogre
  6865 | D:8      | Reached skill level 11 in Stealth
  6876 | D:8      | Noticed Erica
  6923 | D:8      | Killed Erica
  6923 | D:8      | Reached XP level 10. HP: 42/63 MP: 13/15
  7021 | D:8      | Found an iron altar of Okawaru.
  7337 | D:8      | Gained mutation: Your spells are a little harder to cast, but a little more powerful. [mutagenic meat]
  7338 | D:8      | Gained mutation: You are partially covered in iridescent scales (AC +4). [mutagenic meat]
  7339 | D:8      | Gained mutation: Your flesh is heat resistant. [mutagenic meat]
  7655 | D:8      | Reached ***** piety under Pakellas
  7728 | D:8      | Reached skill level 12 in Stealth
  7729 | D:8      | Reached skill level 10 in Evocations
  8137 | D:9      | Noticed a hill giant
  8159 | D:9      | Killed a hill giant
  8312 | D:9      | Identified a scroll of acquirement
  8475 | D:9      | Identified a +3 rod of clouds (13/13) (You acquired it on level 9 of the Dungeon)
  8487 | D:9      | Reached XP level 11. HP: 31/69 MP: 13/17
  8489 | D:9      | Reached skill level 13 in Stealth
  8891 | D:9      | Found a staircase to the Lair.
  9048 | D:10     | Entered Level 10 of the Dungeon
  9053 | D:10     | Noticed Voda's ghost (novice OpVM)
  9499 | D:10     | Killed Voda's ghost
  9567 | D:10     | Noticed a hill giant
  9574 | D:10     | Killed a hill giant
  9574 | D:10     | Reached skill level 10 in Dodging
  9631 | D:10     | Noticed a hill giant
  9656 | D:10     | Killed a hill giant
  9727 | D:10     | Noticed a green ugly thing
  9858 | D:10     | Noticed a hill giant
  9891 | D:10     | Gained mutation: Potions and wands are less effective at restoring your health. [mutagenic meat]
  9892 | D:10     | Lost mutation: Your magical capacity is low (-10% MP). [mutagenic meat]
  9917 | D:10     | Killed a hill giant
  9947 | D:10     | Noticed an unseen horror
  9959 | D:10     | Reached skill level 1 in Slings
  9963 | D:10     | Killed an unseen horror
 10416 | D:11     | Noticed a green ugly thing
 10421 | D:11     | Noticed a hill giant
 10427 | D:11     | Killed a green ugly thing
 10427 | D:11     | Reached skill level 14 in Stealth
 10529 | D:11     | Killed a hill giant
 10538 | D:11     | Gained mutation: Your flesh is very heat resistant. [mutagenic meat]
 10649 | D:11     | Noticed a cyclops
 10654 | D:11     | Reached XP level 12. HP: 79/79 MP: 17/21
 10938 | D:11     | Gained mutation: Your spells are harder to cast, but more powerful. [mutagenic meat]
 10941 | D:11     | Lost mutation: Your natural rate of healing is unusually fast. [mutagenic meat]
 11005 | D:11     | Found Betuar's Assorted Antiques.
 11054 | D:11     | Bought a shiny silver wand for 112 gold pieces
 11111 | D:11     | Found a staircase to the Orcish Mines.
 11146 | D:12     | Identified a +2 rod of the swarm (10/10) (Pakellas gifted it to you on level 7 of the Dungeon)
 11377 | D:12     | Received a gift from Pakellas
 11534 | D:12     | Noticed Rupert
 11549 | D:12     | Killed Rupert
 11654 | D:12     | Noticed a seven-headed hydra
 11660 | D:12     | Killed a seven-headed hydra
 11745 | D:12     | Found a flagged portal.
 11755 | D:12     | Reached ****** piety under Pakellas
 11762 | Bailey   | Entered a bailey
 11762 | Bailey   | Noticed George's ghost (novice MiFi)
 11791 | Bailey   | Killed George's ghost
 12473 | Bailey   | Noticed an orc warlord
 12494 | Bailey   | Killed an orc warlord
 12524 | Bailey   | Reached skill level 5 in Fighting
 12552 | Bailey   | Reached skill level 15 in Stealth
 12608 | Bailey   | Gained mutation: You possess an exceptional clarity of mind. [potion of beneficial mutation]
 12753 | D:12     | Reached XP level 13. HP: 89/89 MP: 10/23
 13292 | D:13     | Lost mutation: You occasionally shout uncontrollably at your foes. [mutagenic meat]
 13293 | D:13     | Lost mutation: You are agile. (Dex +2) [mutagenic meat]
 13441 | D:13     | Lost mutation: You are partially covered in slimy green scales (AC +2). [mutagenic meat]
 13442 | D:13     | Gained mutation: Your body sometimes deteriorates upon taking damage. [mutagenic meat]
 13443 | D:13     | Lost mutation: Your spells are harder to cast, but more powerful. [mutagenic meat]
 13746 | D:13     | Gained mutation: Your muscles are very strong. (Str +4) [evolution]
 13746 | D:13     | Lost mutation: You evolve. [end of evolution]
 13978 | D:13     | Reached skill level 5 in Slings
 15163 | D:14     | Noticed a vault guard
 15207 | D:14     | Killed a vault guard
 15606 | D:14     | Noticed a vault guard
 15648 | D:14     | Killed a vault guard
 15696 | D:14     | Found a gate to the Vaults.
 15696 | D:14     | Noticed a vault guard
 15696 | D:14     | Noticed a vault guard
 15710 | D:14     | Killed a vault guard
 15716 | D:14     | Killed a vault guard
 15716 | D:14     | Reached skill level 1 in Shields
 15716 | D:14     | Reached skill level 15 in Evocations
 16957 | D:14     | Received a gift from Pakellas
 17141 | D:13     | Reached XP level 14. HP: 99/99 MP: 25/25
 17251 | Orc:1    | Entered Level 1 of the Orcish Mines
 17519 | Orc:2    | Entered Level 2 of the Orcish Mines
 17519 | Orc:2    | Found a staircase to the Elven Halls.
 17622 | Orc:2    | Noticed an orc warlord
 17625 | Orc:2    | Reached skill level 16 in Stealth
 17628 | Orc:2    | Killed an orc warlord
 18365 | Orc:2    | Found a bloodstained altar of Trog.
 18392 | Orc:2    | Found Wegez's Magic Scroll Shoppe.
 18485 | Orc:2    | Found Rarai's Distillery.
 19822 | Orc:2    | Reached skill level 5 in Shields
 20391 | Orc:2    | Found Naucs's Gadget Boutique.
 20391 | Orc:2    | Found Toogol's Antique Armour Shop.
 20392 | Orc:2    | Found a one-way gate leading to the halls of Pandemonium.
 20526 | D:11     | Bought a scroll of acquirement for 1456 gold pieces
 20605 | Lair:1   | Entered Level 1 of the Lair of Beasts
 21009 | Lair:1   | Reached skill level 1 in Spellcasting
 21014 | Lair:1   | Reached skill level 1 in Earth Magic
 21213 | Lair:1   | Received a gift from Pakellas
 21306 | Lair:1   | Reached skill level 1 in Transmutations
 21926 | Lair:2   | Noticed Gastronok
 21940 | Lair:2   | Killed Gastronok
 21940 | Lair:2   | Reached XP level 15. HP: 85/107 MP: 26/26
 22435 | Lair:4   | Found a staircase to the Snake Pit.
 22672 | Lair:4   | Identified a +2 rod of the swarm (11/11) (You acquired it on level 11 of the Dungeon)
 24170 | Lair:5   | Learned a level 2 spell: Repel Missiles
 24173 | Lair:5   | Learned a level 2 spell: Swiftness
 24717 | Lair:6   | Found a staircase to the Swamp.
 25279 | Lair:6   | Found a staircase to the Slime Pits.
 26855 | Lair:7   | Received a gift from Pakellas
 27174 | Lair:7   | Got a steaming quarterstaff
 27175 | Lair:7   | Identified the +6 quarterstaff "Dumigg" {crush, rN++} (You found it on level 7 of the Lair of Beasts)
 27671 | Lair:7   | Reached skill level 5 in Transmutations
 27864 | Lair:8   | Entered Level 8 of the Lair of Beasts
 28144 | Lair:8   | HP: 3/107 [killer bee (8)]
 28526 | Lair:8   | Reached XP level 16. HP: 42/113 MP: 18/27
 29402 | Lair:8   | Reached skill level 5 in Earth Magic
 29600 | Lair:8   | Identified a +10 lightning rod (18/18) (supercharged by Pakellas)
 30414 | Temple   | Entered the Ecumenical Temple
 30561 | Temple   | Fell from the grace of Pakellas
 30561 | Temple   | Became a worshipper of Fedhas Madash
 30832 | Lair:3   | Reached skill level 5 in Spellcasting
 31102 | Lair:3   | Learned a level 3 spell: Mephitic Cloud
 31131 | Lair:3   | Reached * piety under Fedhas
 31666 | Lair:8   | Identified a +4 rod of the swarm (9/9) (You acquired it on level 8 of the Lair of Beasts)
 31750 | Swamp:1  | Entered Level 1 of the Swamp
 32477 | Swamp:1  | Reached skill level 1 in Poison Magic
 32586 | Swamp:2  | Noticed Louise
 32591 | Swamp:2  | Noticed Donald
 32599 | Swamp:2  | Noticed a thorn hunter
 32603 | Swamp:2  | Killed Donald
 32621 | Swamp:2  | Killed Louise
 32699 | Swamp:2  | Noticed Jorgrun
 32711 | Swamp:2  | Killed Jorgrun
 32742 | Swamp:2  | Reached ** piety under Fedhas
 32765 | Swamp:2  | Killed by the progress of Pakellas

Vault maps used:
D:1:      dpeg_arrival_signposts
D:2:      grunt_pakellas_sulfur, minmay_door_square, uniq_jessica
D:3:      lemuel_round_altar, led_xom_imps
D:4:      minmay_temple_entry_statues, gup_sewer_entry_glass, amethyst_killhole
D:5:      old_standard_altar, lemuel_doored_altar, overflow_temple_1_default,
          first_bread
D:6:      lemuel_round_altar, basic_altar, minmay_misc_feat_chi,
          corexii_leaking_fountain
D:7:      nicolae_dithmenos_through_a_glass_darkly
D:8:      overflow_temple_1_default, uniq_erica
D:9:      erik_lair_dragon
D:10:     kennysheep_blocky_room, hangedman_tell_no_tales
D:11:     orc_0_dummy, serial_shops, shop
D:12:     enter_bailey_7, uniq_rupert
D:14:     kennysheep_bubbly, grunt_vaults_entry_fortified, minivault_23
Temple:   chambers_temple_12
Lair:1:   lemuel_slime, minivault_26
Lair:2:   uniq_gastronok
Lair:4:   minmay_snake_entry_guardpost_small, lemuel_fruit_tree,
          grunt_megastairs_1, serial_bayou_shore_b
Lair:6:   swamp_mist_pool, minmay_slime_entry_jelly_boxes, grunt_megastairs_2
Lair:8:   due_jungle_book, special_room
Swamp:1:  evilmike_swamp_ruin_house_6, swamp_pool4
Swamp:2:  evilmike_swamp_ruin_house_3, swamp_pool4, infiniplex_staircase_pool,
          uniq_jorgrun, uniq_louise, uniq_donald
Orc:2:    pf_orc_diabolical, bloody_trog
Sewer:    sewer_co_15_rooms
Bailey:   bailey_axe_minmay_hex_keep, bailey

Action                   |  1- 3 |  4- 6 |  7- 9 | 10-12 | 13-15 | 16-18 || total
-------------------------+-------+-------+-------+-------+-------+-------++-------
Melee: Short sword       |    64 |    40 |       |       |       |       ||   104
       Dagger            |       |    69 |   194 |   483 |   232 |     3 ||   981
       Quarterstaff      |       |       |       |     8 |   111 |       ||   119
       Demon whip        |       |       |       |       |   222 |    97 ||   319
       Rod               |       |       |       |       |       |    45 ||    45
 Fire: Hunting sling     |       |       |       |   109 |  1194 |   123 ||  1426
Invok: Quick Charge      |       |     1 |     6 |    10 |     9 |     1 ||    27
       Device Surge      |       |       |     1 |       |     2 |       ||     3
       Evolution         |       |       |       |       |       |     2 ||     2
       Supercharge       |       |       |       |       |       |     1 ||     1
Evoke: Wand              |       |     6 |    61 |   102 |    47 |     7 ||   223
       Rod               |       |       |       |    25 |   102 |    72 ||   199
  Use: Potion            |       |       |    12 |     6 |     9 |     1 ||    28
       Scroll            |       |       |    14 |    11 |    11 |     2 ||    38
 Stab: Sleeping          |    10 |    16 |    17 |    25 |    42 |     1 ||   111
       Distracted        |     1 |       |     2 |     3 |     3 |     2 ||    11
       Confused          |       |       |     2 |    23 |     6 |       ||    31
       Paralysed         |       |       |     4 |     4 |     3 |     2 ||    13
       Petrifying        |       |       |       |     2 |     1 |       ||     3
  Eat: Chunk             |     2 |     6 |    14 |    40 |    60 |    12 ||   134
       Bread ration      |       |       |     1 |       |       |     2 ||     3
       Beef jerky        |       |       |       |     1 |     2 |       ||     3
       Meat ration       |       |       |       |     1 |     6 |       ||     7
       Pizza             |       |       |       |     1 |     1 |       ||     2
       Royal jelly       |       |       |       |       |     1 |     1 ||     2
